 Dungeon Crawl Stone Soup version 0.20.0-10-g0535bb4 (webtiles) character file.

286 Jawreze the Cudgeler (level 6, -1/37 HPs)
             Began as a Gargoyle Fighter on June 4, 2017.
             Killed by nerve-wracking pain
             ... invoked by an orc priest
              (3 damage)
             ... on level 3 of the Dungeon.
             The game lasted 00:05:30 (2215 turns).

Jawreze the Cudgeler (Gargoyle Fighter)             Turns: 2215, Time: 00:05:31

Health: -1/37      AC: 13    Str: 20    XL:     6   Next: 30%
Magic:  6/6        EV:  7    Int: 10    God:
Gold:   76         SH:  9    Dex:  9    Spells: 5/5 levels left

rFire    . . .     SeeInvis .   a - +0 flail
rCold    . . .     Gourm    .   c - +0 shield
rNeg     + . .     Faith    .   b - +0 scale mail
rPois    ∞         Spirit   .   (no helmet)
rElec    +         Reflect  .   (no cloak)
rCorr    .         Harm     .   e - +0 pair of gloves
MR       .....                  i - +0 pair of boots
Stlth    ..........             (no amulet)
Regen    0.2/turn               (no ring)
MPRegen  0.1/turn               (no ring)

@: no status effects
A: negative energy resistance 1, electricity resistance, unbreathing,
petrification resistance, rot immunity, AC +4
a: no special abilities


You were on level 3 of the Dungeon.
You were not hungry.

You visited 1 branch of the dungeon, and saw 3 of its levels.

You collected 76 gold pieces.

Inventory:

Hand Weapons
 a - a +0 flail (weapon)
Armour
 b - a +0 scale mail (worn)
 c - a +0 shield (worn)
 e - a +0 pair of gloves (worn)
 i - a +0 pair of boots (worn)
Jewellery
 h - an uncursed ring of protection from fire {unknown}
 j - an uncursed ring of protection from cold {unknown}
Scrolls
 k - a scroll of blinking {unknown}
 l - a scroll of remove curse {unknown}
 m - 2 scrolls of magic mapping {unknown}
 n - a scroll of recharging {unknown}
 q - 2 scrolls of teleportation {unknown}
 r - a scroll of amnesia {unknown}
 s - a scroll of immolation {unknown}
Potions
 d - a potion of cancellation {unknown}
 t - a potion of mutation {unknown}
 u - 2 potions of curing {unknown}
Comestibles
 f - a bread ration
 g - 3 meat rations
 o - a royal jelly
 p - 2 chunks of flesh


   Skills:
 - Level 3.2 Fighting
 * Level 5.5 Maces & Flails
 - Level 3.2 Armour
 + Level 4.9 Shields


You had 5 spell levels left.
You didn't know any spells.

Dungeon Overview and Level Annotations

Branches:
Dungeon (3/15)

Altars:


Innate Abilities, Weirdness & Mutations

You are resistant to torment.
Your stone body is resilient. (AC +4)
You are immune to poison.
You resist negative energy. (rN+)
You are resistant to electric shocks. (rElec)
You can survive without breathing.
You are immune to petrification.
You are immune to rotting.


Message History

The orc priest calls down the wrath of Beogh upon you.
Beogh smites you!
* * * LOW HITPOINT WARNING * * *
You barely miss the orc priest.
The orc priest is lightly wounded.
The orc hits you but does no damage.
The orc priest mumbles some strange prayers to Beogh against you.
Beogh smites you!
* * * LOW HITPOINT WARNING * * *
The orc priest hits you but does no damage.
The orc hits you but does no damage.
You hit the orc priest.
The orc priest is heavily wounded.
The orc priest hits you but does no damage.
You block the orc's attack.
You barely miss the orc priest.
The orc priest is heavily wounded.
The orc priest invokes the aid of Beogh against you.
Pain shoots through your body!
You die...

.# ### ##.# ..# #...
#.# #..# #.# #..# #.#
#.# #..####.#####.....
#......o...oo.#
#########.#####o#######
..............o@#
.(......>......##
#####..##.###># #..##.#
#.# #.÷##.# #.# #..##.#
#.# #######..##.# #..
<........##.# ###
.#######.##.#


You could see 2 orc priests and an orc.

Vanquished Creatures
  Sigmund (D:2)
  Terence (D:2)
  Natasha (D:2)
  2 adders
  3 worms (D:2)
  2 dart slugs
  2 leopard geckos
  An orc (D:3)
  2 giant cockroaches
  6 goblins
  7 hobgoblins
  4 jackals (D:1)
  7 bats
  2 frilled lizards
  2 kobolds
  4 rats
47 creatures vanquished.

Notes
Turn   | Place    | Note
-------+----------+-------------------------------------------
     0 | D:1      | Jawreze the Gargoyle Fighter began the quest for the Orb.
     0 | D:1      | Reached XP level 1. HP: 14/14 MP: 1/1
   151 | D:1      | Reached XP level 2. HP: 19/19 MP: 2/2
   492 | D:1      | Reached skill level 3 in Maces & Flails
   698 | D:1      | Reached XP level 3. HP: 17/23 MP: 3/3
  1072 | D:2      | Noticed Terence
  1307 | D:2      | Noticed Sigmund
  1322 | D:2      | Killed Sigmund
  1322 | D:2      | Reached skill level 4 in Maces & Flails
  1322 | D:2      | Reached XP level 4. HP: 25/28 MP: 4/4
  1322 | D:2      | Reached XP level 5. HP: 29/32 MP: 5/5
  1673 | D:2      | Reached skill level 5 in Maces & Flails
  1698 | D:2      | Noticed Natasha
  1714 | D:2      | Killed Natasha
  1714 | D:2      | Reached XP level 6. HP: 33/37 MP: 6/6
  1723 | D:2      | Killed Terence
  2215 | D:3      | Killed from afar by an orc priest

Skill      XL: |  1  2  3  4  5 |
---------------+----------------+-----
Maces & Flails | 3 4 5 |  5.5
Shields        | 4 |  4.9
Fighting       | |  3.2
Armour         | |  3.2

Action                   |  1- 3 |  4- 6 || total
-------------------------+-------+-------++-------
Melee: Flail             |   114 |   100 ||   214
  Use: Potion            |     1 |       ||     1
  Eat: Chunk             |     1 |     4 ||     5
Armor: Scale mail        |    59 |    51 ||   110
Dodge: Dodged            |    29 |    33 ||    62
Block: Shield            |    62 |    40 ||   102
